 Dungeon Crawl Stone Soup version 0.26.1-11-gd32895ea62 (webtiles) character file.

Game seed: 13905137379182061346

76 bigdumb the Magician (level 3, 0/39 HPs)
             Began as a Demigod Wanderer on July 5, 2021.
             Slain by a goblin (2 damage)
             ... led by Robin
             ... on level 2 of the Dungeon.
             The game lasted 00:03:53 (1219 turns).

bigdumb the Magician (Demigod Wanderer)             Turns: 1219, Time: 00:03:53

Health: 0/39       AC: 21    Str: 17    XL:     3   Next: 89%
Magic:  10/10      EV:  2    Int: 18    God:
Gold:   90         SH:  0    Dex: 13    Spells: 7/8 levels left

rFire    + . .     SeeInvis .   a - +0 club
rCold    x . .     Faith    +   (no shield)
rNeg     + + +     Spirit   .   (armour currently unavailable)
rPois    +         Reflect  .   (helmet currently unavailable)
rElec    .         Harm     .   (cloak currently unavailable)
rCorr    .         Rampage  .   (gloves currently unavailable)
Will     .....     NoTele   +   (boots currently unavailable)
Stlth    ..........             g - amulet of faith
HPRegen  0.13/turn              h - ring of attention (curse)
MPRegen  0.12/turn              j - ring of fire

@: mighty, tree-form
A: high mp 1
a: no special abilities


You were on level 2 of the Dungeon.
You were a tree.
You visited 1 branch of the dungeon, and saw 2 of its levels.

You collected 90 gold pieces.

Inventory:

Hand Weapons
 a - a +0 club (weapon)
Armour
 d - a +0 robe (melded)
Jewellery
 g - an amulet of faith (around neck)
 h - a cursed ring of attention (left branch)
 j - a ring of fire (right branch)
Scrolls
 b - 2 scrolls of identify {unknown}
 e - a scroll of fear {unknown}
 k - a scroll of remove curse {unknown}
 l - a scroll of immolation {unknown}
 m - a scroll of magic mapping {unknown}


   Skills:
 - Level 1.0 Throwing
 * Level 1.1 Dodging
 - Level 0.2 Stealth
 - Level 1.0 Shields
 + Level 3.4 Spellcasting
 + Level 1.2 Conjurations
 + Level 2.4 Air Magic
 - Level 2.6 Poison Magic


You had 7 spell levels left.
You knew the following spells:

 Your Spells              Type           Power        Failure   Level
a - Shock                 Conj/Air       36%          8%          1

Your spell library contained the following spells:

 Spells                   Type           Power        Failure   Level
 Sting                    Tmut/Pois      28%          9%          1
 Swiftness                Air            11%          9%          2
 Mephitic Cloud           Conj/Pois/Air  10%          21%         3
 Static Discharge         Conj/Air       9%           22%         3
 Airstrike                Air            5%           50%         4
 Lightning Bolt           Conj/Air       4%           90%         5


Dungeon Overview and Level Annotations

Branches:
Dungeon (2/15)


Innate Abilities, Weirdness & Mutations

You have an increased reservoir of magic. (+10% MP)


Message History

You kill the hobgoblin!
You thump the hobgoblin!
You kill the hobgoblin!
You hit the hobgoblin.
The hobgoblin is heavily wounded.
The hobgoblin hits you but does no damage.
You sock the hobgoblin!
You kill the hobgoblin!
You closely miss the hobgoblin.
The hobgoblin hits you but does no damage.
You hit the hobgoblin.
The hobgoblin is severely wounded.
The hobgoblin hits you but does no damage.
The hobgoblin hits you with a +0 club.
* * * LOW HITPOINT WARNING * * *
You thump the hobgoblin!
You kill the hobgoblin!
You barely miss the goblin.
The goblin unwields a +0 hunting sling.
The goblin hits you but does no damage. The goblin hits you.
You die...

.....# .....#
.....#### .(......####
##.........#
#.####.##.#
#.#....##.# ##.#
#.####.##.#######....#
#..#.........)g♣..#
####.#####)########
... #)# ### #)# .g#
..# ####


You could see a goblin.

Vanquished Creatures
  Robin (D:2)
  An adder (D:2)
  2 oozes (D:1)
  A dart slug (D:1)
  A leopard gecko (D:1)
  4 bats
  3 giant cockroaches (D:1)
  10 goblins
  10 hobgoblins
  2 jackals (D:1)
  2 kobolds (D:1)
  3 frilled lizards (D:1)
  2 rats (D:1)
42 creatures vanquished.

Notes
Turn   | Place    | Note
-------+----------+-------------------------------------------
     0 | D:1      | bigdumb the Demigod Wanderer began the quest for the Orb.
     0 | D:1      | bigdumb set off with the following items: a +0 club, a
                  | potion of lignification, a +0 robe; and the following
                  | spells available to memorise: Sting, Shock, Swiftness,
                  | Mephitic Cloud, Static Discharge, Airstrike, Lightning Bolt
     0 | D:1      | Reached XP level 1. HP: 14/14 MP: 6/6
     2 | D:1      | Learned a level 1 spell: Shock
   251 | D:1      | Reached skill level 3 in Spellcasting
   251 | D:1      | Reached XP level 2. HP: 20/20 MP: 0/8
   773 | D:1      | Reached XP level 3. HP: 22/26 MP: 2/10
  1091 | D:2      | Reached skill level 1 in Conjurations
  1181 | D:2      | Noticed Robin
  1188 | D:2      | Killed Robin
  1189 | D:2      | Reached skill level 1 in Dodging
  1219 | D:2      | Slain by a goblin

Illustrated notes

Levels and vault maps discovered:
D:1:      amcnicky_arrival_blooded_trapdoor, layout_basic, minmay_domino_2
D:2:      layout_basic, chequers_temple_overflow_minitemple,
          nicolae_ru_the_path_less_chosen, uniq_sigmund, uniq_robin

Skill      XL: |  1  2  3 |
---------------+----------+-----
Air Magic      | 2 |  2.4
Spellcasting   | 3 |  3.4
Conjurations   | 1 |  1.2
Dodging        | 1 |  1.1
Throwing       | |  1.0
Stealth        | |  0.2
Shields        | |  1.0
Poison Magic   | |  2.6

Action                   || total
-------------------------++-------
Melee: Club              ||    51
 Cast: Shock             ||    66
  Use: Potion            ||     3
Armor: Robe              ||    14
       Skin              ||     6
Dodge: Dodged            ||    47
